Cogmind - Beta 16 @@@ ROGUE MODE // 2026.02.08 @ 16:11:48 Player: luckinvolved Result: Self-destructed Performance ------------- Evolutions (4) 2000 Regions Visited (4) 800 Robots Destroyed (22) 110 Value Destroyed (575) 575 Prototype IDs (12) 240 Alien Tech Used (0) 0 Bonus (800) 800 TOTAL SCORE: 4525 Bonus ------- Registered with UFD 300 Met Optimus in HQ 500 Cogmind --------- Core Integrity 538/850 Matter 153/300 Energy 152/160 System Corruption 1% Temperature Cool (4) Movement Flying (32) Location -6/Factory Parts ------- > --- POWER (1) -------- Light Nuclear Core > --- PROPULSION (5) --- VTOL Module VTOL Module > --- UTILITY (7) ------ Signal Interpreter Surveybot 17 Chip > --- WEAPON (2) ------- Battle Rifle > --- INVENTORY (5) ---- VTOL Module VTOL Module Deep Structural Scanner Subdweller Machine Gun Vortex Trap Peak State ------------ > --- POWER ------------ Light Nuclear Core > --- PROPULSION ------- Light Treads Light Treads > --- UTILITY ---------- Improved Heat Sink Large Storage Unit Deep Structural Scanner Experimental Terrain Scanner Surveybot 17 Chip Seismic Detector > --- WEAPON ----------- Heavy Ion Cannon Autogun > --- INVENTORY -------- Light Nuclear Core Nuclear Pulse Thruster Signal Interpreter Particle Gun Subdweller Laser Light Assault Rifle Battle Rifle Subdweller Machine Gun Mining Laser Vortex Trap Vortex Trap Botcube [Rating: 39] Favorites ----------- Power Light Nuclear Core Engine Light Ion Engine Power Core Light Nuclear Core Propulsion Light Treads Treads Light Treads Flight Unit VTOL Module Utility Large Storage Unit Device Experimental Terrain Scanner Storage Large Storage Unit Processor Terrain Scan Processor Protection Core Shielding Weapon Subdweller Laser Energy Gun Subdweller Laser Energy Cannon Heavy Ion Cannon Ballistic Gun Subdweller Machine Gun Special Weapon Mining Laser Build | -11 -10 -10 -9 -6 ------- Run | Yrd Mat Sub Scr Fac Slots Evolved 8 | . . . . 8 Power . | . . . . . Propulsion 3 | . . . . 3 Utility 5 | . . . . 5 Weapon . | . . . . . Parts Attached 34 | 8 2 8 3 13 Power 6 | 1 1 2 . 2 Engine 3 | 1 1 1 . . Core 3 | . . 1 . 2 Reactor . | . . . . . Propulsion 7 | 2 . 1 . 4 Treads 3 | 2 . 1 . . Leg . | . . . . . Wheel . | . . . . . Hover . | . . . . . Flight 4 | . . . . 4 Utility 11 | 2 1 1 2 5 Device 5 | 1 . . 1 3 Storage 2 | 1 1 . . . Processor 3 | . . . 1 2 Hackware . | . . . . . Protection 1 | . . 1 . . Artifact . | . . . . . Weapon 10 | 3 . 4 1 2 Energy Gun 2 | 1 . 1 . . Energy Cannon 1 | . . . . 1 Ballistic Gun 6 | 2 . 2 1 1 Ballistic Cannon . | . . . . . Launcher . | . . . . . Special Weapon 1 | . . 1 . . Impact Weapon . | . . . . . Slashing Weapon . | . . . . . Piercing Weapon . | . . . . . Special Melee Weapon . | . . . . . Unidentified Prototypes . | . . . . . Parts Lost 14 | . 1 4 . 9 Power 4 | . 1 1 . 2 Propulsion 5 | . . 1 . 4 Utility 4 | . . 1 . 3 Weapon 1 | . . 1 . . Highest Loss Streak 6 | . 1 2 . 6 To Critical Strikes . | . . . . . Average Backups 10 | 2 9 13 10 8 Power 1 | . 1 2 1 . Propulsion . | . 1 1 . . Utility 3 | . 2 4 3 2 Weapon 4 | . 3 5 4 5 Tool/Special . | . . . . . Unused Backups 8 | . . . 5 3 Power 1 | . . . 1 . Propulsion 2 | . . . 1 1 Utility 2 | . . . 2 . Weapon 3 | . . . 1 2 Tool/Special . | . . . . . Average Slot Usage (%) 77 | . 100 99 73 48 Engine 2 | . 14 10 . . Core 7 | . . 3 9 4 Treads 20 | . 28 28 18 8 Device 10 | . 14 3 10 11 Storage 10 | . 14 14 9 4 Processor 4 | . . . 5 7 Protection 2 | . . 10 2 . Energy Gun 6 | . . 6 7 . Ballistic Gun 11 | . 28 19 9 5 Peak Build Rating 39 | 7 9 13 22 39 Average Rating 15 | 5 8 10 16 28 On Entrance 10 | . 7 9 13 21 Avg Prop Armor Cover (%) . | . . . . . Naked Turns . | . . . . . Heaviest Build 34 | 14 29 34 34 31 Greatest Support 40 | 40 40 40 40 40 Greatest Overweight (x) 6 | . . . 6 . Average Overweight (x) . | . . . . . Largest Inventory Capacity 15 | 8 15 15 15 15 Average Capacity 11 | 6 12 15 11 12 Most Carried 15 | 4 14 15 15 15 Average Carried 11 | 2 9 14 11 10 Final Capacity 15 | 8 15 15 15 5 Final Carried 15 | 4 14 15 15 5 Class Distribution -------------------- 54% | Mutant 45% | Scavenger-Mutant Dominant Class ---------------- Mutant | -10/Materials Mutant | -10/Subcaves Scavenger-Mutant | -9/Scraptown Mutant | -6/Factory Resources | -11 -10 -10 -9 -6 ----------- Run | Yrd Mat Sub Scr Fac Matter Collected 702 | 308 140 176 10 68 Remotely . | . . . . . Salvage Created 809 | 130 425 177 . 77 Parts 50 | 10 23 10 . 7 Haulers Intercepted 1 | . 1 . . . Recyclers Shooed 2 | . 2 . . . Parts Field Recycled . | . . . . . Retrieved Matter . | . . . . . Parts Self-Destructed 13 | . . 13 . . Prevented . | . . . . . Parts Restored . | . . . . . Kills | -11 -10 -10 -9 -6 ------- Run | Yrd Mat Sub Scr Fac Combat Hostiles Destroyed 17 | . 8 6 . 3 Guns 16 | . 8 6 . 2 Cannons 1 | . . . . 1 Classes Destroyed 7 | 2 3 2 . . Worker 1 | . 1 . . . Tunneler 2 | 2 . . . . Hauler 1 | . 1 . . . Recycler 1 | 1 . . . . Swarmer 6 | . . 3 . 3 Grunt 8 | . 8 . . . Subdweller 3 | . . 3 . . Best Kill Streak 3 | 2 3 3 . 2 Combat Bots Only 3 | . 2 3 . 2 Max Kills in Single Turn 2 | 1 2 2 . 1 Gunslinging 1 | . . 1 . . Exploded . | . . . . . Melee . | . . . . . Uniques/NPCs Destroyed . | . . . . . Combat | -11 -10 -10 -9 -6 -------- Run | Yrd Mat Sub Scr Fac Hostile Shots Fired 148 | . 31 46 . 71 Missed 35 | . 10 12 . 13 Hits 113 | . 21 34 . 58 Projectile 113 | . 21 34 . 58 Critical Strikes 6 | . . 3 . 3 Actively Blocked 2 | . . 2 . . Damage Taken 1757 | . 380 526 . 851 Core 432 | . 81 39 . 312 Absorbed by Shields . | . . . . . Redirected to Shielding 5 | . . 5 . . Core Remaining (%) 76 | 100 . . 52 . Volleys Fired 87 | 7 30 36 . 14 Largest 2 | 2 2 2 . 2 Hottest 100 | 40 40 100 . 88 Shots Fired 151 | 14 60 58 . 19 Gun 136 | 14 60 48 . 14 Cannon 5 | . . . . 5 Launcher . | . . . . . Special 10 | . . 10 . . Kinetic 127 | 14 60 39 . 14 Thermal 24 | . . 19 . 5 Explosive . | . . . . . Electromagnetic . | . . . . . Robot Hit Streak 11 | 5 11 8 . 4 Robot Miss Streak 4 | 1 3 4 . 4 Penetration Max . | . . . . . Secondary Targets 2 | . 1 1 . . Max Gunslinging Chain 1 | . 1 1 . . Shots Hit Robots 93 | 9 43 32 . 9 Core Hits 44 | 5 23 10 . 6 Critical Kills . | . . . . . Critical Parts Destroyed 1 | . . 1 . . Critical Strikes 1 | . . 1 . . Destroy 1 | . . 1 . . Melee Attacks . | . . . . . Impact . | . . . . . Slashing . | . . . . . Piercing . | . . . . . Sneak Attacks . | . . . . . Combat Hostiles . | . . . . . Follow-up Attacks . | . . . . . Damage Inflicted 1185 | 92 455 479 . 159 Guns 1119 | 92 452 479 . 96 Cannons 55 | . . . . 55 Explosions . | . . . . . Melee . | . . . . . Ramming 11 | . 3 . . 8 Kinetic 992 | 92 452 352 . 96 Thermal 182 | . . 127 . 55 Explosive . | . . . . . Electromagnetic . | . . . . . Impact . | . . . . . Slashing . | . . . . . Piercing . | . . . . . Highest Corruption 1 | . . . . 1 Average Corruption 1 | . . . . 1 Corruption Purged . | . . . . . Corruption Blocked . | . . . . . Effects 1 | . . . . 1 Matter Fused 1 | . . . . 1 Overload Shots . | . . . . . Overflow Damage 9 | . 9 . . . Projectiles . | . . . . . Explosions 9 | . 9 . . . Melee . | . . . . . Knockbacks . | . . . . . Impact . | . . . . . Kinetic . | . . . . . Secondary . | . . . . . Self-Inflicted Damage 114 | . 114 . . . Shots 1 | . 1 . . . Rammed 2 | . 1 . . 1 Targets Rammed 2 | . 1 . . 1 Kicked . | . . . . . Crushed . | . . . . . Highest Temperature 28 | . 15 . . 28 Average Temperature 10 | . 7 . . 21 Received Heat Transfer 180 | . 144 36 . . Siege Activations . | . . . . . Martial Activations . | . . . . . Shielding Activations . | . . . . . Robots Disrupted . | . . . . . Combat Hostiles . | . . . . . Robots Corrupted . | . . . . . Combat Hostiles . | . . . . . Parts Fried . | . . . . . Impact Corruptions . | . . . . . Robots Melted . | . . . . . Combat Hostiles . | . . . . . Parts Melted . | . . . . . Heat Transferred 224 | . . 150 . 74 Parts Sabotaged . | . . . . . Parts Stolen . | . . . . . Parts Stripped . | . . . . . Power Chain Reactions . | . . . . . Alert | -11 -10 -10 -9 -6 ------- Run | Yrd Mat Sub Scr Fac Maximum Alert Level . | . . . . . Low Security (%) 100 | 100 100 . . 100 Level 1 . | . . . . . Level 2 . | . . . . . Level 3 . | . . . . . Level 4 . | . . . . . Level 5 . | . . . . . High Security . | . . . . . Max Security . | . . . . . Peak Influence 117 | 10 117 . . 35 Initial 3 | . 3 . . . Average 39 | 1 58 . . 3 Influence Increases 483 | 15 312 70 . 86 Destroy 0b10 Robot/C 280 | . 160 60 . 60 Destroy 0b10 Robot/NC 25 | 15 10 . . . Destroy Leader 62 | . 42 10 . 10 Successful Hack 15 | . 15 . . . Disable Machine 15 | . 15 . . . Destroy Structure 26 | . 25 . . 1 Lose Combat Pursuer 60 | . 45 . . 15 Influence Decreases 483 | 10 273 114 . 86 Entered New Map 24 | . 2 22 . . Time Decay 383 | 10 261 92 . 20 Lost Part 76 | . 10 . . 66 Squads Dispatched 1 | . 1 . . . Investigation 1 | . 1 . . . Extermination . | . . . . . Reinforcement . | . . . . . Assault . | . . . . . Garrison . | . . . . . Intercept . | . . . . . Searches Triggered . | . . . . . Construction Impeded . | . . . . . Haulers Reinforced . | . . . . . Active Scanning Responses . | . . . . . Cargo Convoy Interrupts . | . . . . . Stealth | -11 -10 -10 -9 -6 --------- Run | Yrd Mat Sub Scr Fac Distress Signals 1 | . 1 . . . Communications Jammed . | . . . . . Distress Signals . | . . . . . Times Spotted 26 | . 11 6 . 9 Peak Tracking Total 4 | . 3 3 . 4 Tactical Retreats 3 | . 2 . . 1 Traps | -11 -10 -10 -9 -6 ------- Run | Yrd Mat Sub Scr Fac Traps Triggered 1 | . 1 . . . Indirectly . | . . . . . Trap Hack Attempts . | . . . . . Triggered . | . . . . . Disarmed . | . . . . . Reprogrammed . | . . . . . Reused . | . . . . . Traps Extracted . | . . . . . Installed . | . . . . . Triggered . | . . . . . Most Traps Carried 2 | . . . 2 2 Machines | -11 -10 -10 -9 -6 ---------- Run | Yrd Mat Sub Scr Fac Machines Disabled 1 | . 1 . . . Max in Single Turn 1 | . 1 . . . Garrison Access 1 | . . . . 1 Machines Repaired . | . . . . . Machines Dismantled . | . . . . . Machines Sabotaged . | . . . . . Overloaded Fab Kills . | . . . . . Hacking | -11 -10 -10 -9 -6 --------- Run | Yrd Mat Sub Scr Fac Machines Accessed 7 | . 3 . 3 1 Terminals 3 | . 3 . . . Fabricators . | . . . . . Repair Stations . | . . . . . Recycling Units . | . . . . . Scanalyzers . | . . . . . Garrison Access 1 | . . . . 1 Total Hacks 31 | . 11 . 19 1 Successful 27 | . 7 . 19 1 Failed 4 | . 4 . . . Catastrophic . | . . . . . Database Lockouts . | . . . . . Manual 11 | . 11 . . . Terminals 11 | . 11 . . . Fabricators . | . . . . . Repair Stations . | . . . . . Recycling Units . | . . . . . Scanalyzers . | . . . . . Garrison Access 1 | . . . . 1 Terminal Hacks 21 | . 2 . 19 . Record 18 | . . . 18 . Robot Analysis 2 | . 2 . . . Proto ID Catalog 1 | . . . 1 . Fabricator Hacks . | . . . . . Repair Station Hacks . | . . . . . Recycling Unit Hacks . | . . . . . Scanalyzer . | . . . . . Garrison Access Hacks 1 | . . . . 1 Seal Access 1 | . . . . 1 Unauthorized Hacks 5 | . 5 . . . Terminals 5 | . 5 . . . Botnet 2 | . 2 . . . Skim 3 | . 3 . . . Fabricators . | . . . . . Repair Stations . | . . . . . Recycling Units . | . . . . . Scanalyzers . | . . . . . Garrison Access . | . . . . . Data Cores Recovered . | . . . . . Used . | . . . . . Hacking Detections 3 | . 3 . . . Full Trace Events . | . . . . . Feedback Events . | . . . . . Feedback Blocked . | . . . . . Robot Schematics Acquired . | . . . . . Robots Built . | . . . . . Authchips . | . . . . . Time . | . . . . . Total Robot Build Rating . | . . . . . Part Schematics Acquired . | . . . . . Parts Built . | . . . . . Authchips . | . . . . . Time . | . . . . . Total Part Build Rating . | . . . . . Part Studies Acquired . | . . . . . Parts Repaired . | . . . . . Time . | . . . . . Parts Recycled . | . . . . . Recycled Matter . | . . . . . Retrieved Matter . | . . . . . Retrieved Components . | . . . . . Parts Scanalyzed . | . . . . . Part Schematics Acquired . | . . . . . Parts Damaged . | . . . . . Bothacking | -11 -10 -10 -9 -6 ------------ Run | Yrd Mat Sub Scr Fac Used RIF Installer . | . . . . . Robots Hacked . | . . . . . Non-combat . | . . . . . Combat . | . . . . . Robot Hacks Applied . | . . . . . Relay Couplers Released . | . . . . . Fabnet Peak Effective % . | . . . . . Robots Rewired . | . . . . . Allies Hacked . | . . . . . Hacks Repelled . | . . . . . Allies | -11 -10 -10 -9 -6 -------- Run | Yrd Mat Sub Scr Fac Total Allies . | . . . . . Largest Group . | . . . . . Highest-Rated Group . | . . . . . Highest-Rated Ally . | . . . . . Total Orders . | . . . . . Ally Attacks . | . . . . . Total Damage . | . . . . . Kills . | . . . . . Allies Corrupted . | . . . . . Allies Melted . | . . . . . Intel | -11 -10 -10 -9 -6 ------- Run | Yrd Mat Sub Scr Fac Active Infowar (turns) 4385 | 31 618 108 3445 183 Terrain 3628 | . . . 3445 183 Structural 163 | . . . . 163 Seismic 775 | 31 618 108 . 18 Robot Analysis Total 2 | . 2 . . . Derelict Logs Recovered 4 | . . 1 3 . Drone Launches . | . . . . . Drone Recoveries . | . . . . . Exploration | -11 -10 -10 -9 -6 ------------- Run | Yrd Mat Sub Scr Fac Turns Passed 5883 | 96 618 484 4460 225 Spaces Moved 2426 | 44 304 179 1738 161 Core 295 | 8 . . 287 . Treads 2054 | 36 304 179 1451 84 Legs . | . . . . . Wheels . | . . . . . Hover . | . . . . . Flight 77 | . . . . 77 Fastest Speed 32 | 50 160 160 50 32 Average Speed 142 | 140 160 160 142 99 Slowest Speed 350 | 160 160 160 350 160 Overloaded Moves . | . . . . . Propulsion Burnouts . | . . . . . Robots Hopped . | . . . . . Potential Cave-ins . | . . . . . Cave-ins Triggered . | . . . . . Exploration Rate (%) 29 | 4 37 16 83 5 Regions Visited 4 Branch Regions 2 Pre-discovered Areas 3 | . . . 3 . Known Exits Taken . | . . . . . Unknown Exits Taken 4 | 1 1 1 1 . Scrap Searched 3 | . . . 3 . Spaces Dug . | . . . . . Terrain Destroyed 25 | . 24 . . 1 Melee . | . . . . . Projectile 1 | . . . . 1 AOE 24 | . 24 . . . Terrain Rammed . | . . . . . Walls Destroyed . | . . . . . Machines Disabled . | . . . . . Actions | -11 -10 -10 -9 -6 --------- Run | Yrd Mat Sub Scr Fac Total 4685 | 62 382 300 3732 209 Wait 2051 | . 34 68 1941 8 Move 2422 | 43 303 178 1737 161 Hop . | . . . . . Pick Up 50 | 3 11 5 26 5 Fast Attach 16 | 8 . . 4 4 Attach 17 | . 1 4 2 10 Detach 3 | 1 . . 1 1 Swap 10 | . 1 7 2 . Drop 27 | . 1 2 19 5 Fire 87 | 7 30 36 . 14 Melee . | . . . . . Ram . | . . . . . Kick . | . . . . . Crush 2 | . 1 . . 1 Escape Stasis . | . . . . . Rewire . | . . . . . Trap . | . . . . . Miscellaneous . | . . . . . Route ------- -11/Scrapyard -10/Materials (discovered 2 exits: [*Mat] / [*Sub]) -10/Subcaves -9/Scraptown (discovered 2 exits: *Fac x2) -6/Factory (discovered 2 exits: Fac / Low) History --------- Turn | Location | Event 4 | -11/Scrapyard | Discovered new exit (range 15) 97 | -11/Scrapyard | Entered Materials 317 | -10/Materials | Build established: Mutant 484 | -10/Materials | Discovered new exit (range 16) 701 | -10/Materials | Discovered new exit (range 9) 715 | -10/Materials | Entered Subcaves 716 | -10/Subcaves | Approached by a straggling Scientist 815 | -10/Subcaves | A swath of the cavern ceiling suddenly collapsed 903 | -10/Subcaves | Ambushed by Subdwellers from Twisted Machinery 1030 | -10/Subcaves | Learned Materials interactive machine intel 1097 | -10/Subcaves | Scientist uncovered a shortcut to Scraptown 1199 | -10/Subcaves | Entered Scraptown 1309 | -9/Scraptown | Build established: Scavenger-Mutant 1311 | -9/Scraptown | Visited UFD Registry 1311 | -9/Scraptown | Registered with UFD as "Flakbrain" 1422 | -9/Scraptown | Scanned Subdweller tech in exchange for log data 1427 | -9/Scraptown | Learned location of 2 exits from Lower Caves 1428 | -9/Scraptown | Learned Research stockpile data 1430 | -9/Scraptown | Learned Research garrison access intel 1484 | -9/Scraptown | Guru changed UFD alias to "Metalcoil" 1535 | -9/Scraptown | Discovered new exit (range 11) 1607 | -9/Scraptown | Visited The Evicted 1686 | -9/Scraptown | Visited Botcube Research 1710 | -9/Scraptown | Found Botcube 1765 | -9/Scraptown | Visited Science Guys 1887 | -9/Scraptown | Visited Infowarlord's Domain 1897 | -9/Scraptown | Found Exp. Terrain Scanner 1938 | -9/Scraptown | Visited Scrapoid Research Area 1979 | -9/Scraptown | Visited Cartography Club 2048 | -9/Scraptown | Discovered new exit (range 17) 2637 | -9/Scraptown | Visited Scrap Suit Storage 2671 | -9/Scraptown | Visited Chapter 10 2735 | -9/Scraptown | Visited Observation Area 3050 | -9/Scraptown | Visited Symbiants 3066 | -9/Scraptown | Visited Assassins FH 3960 | -9/Scraptown | Build established: Mutant 4990 | -9/Scraptown | Found Surveybot 17 Chip 5062 | -9/Scraptown | Learned location of Storage (-9) 5062 | -9/Scraptown | Learned location of Zion (-6) 5062 | -9/Scraptown | Learned location of Extension (-4) 5062 | -9/Scraptown | Learned 16 Materials zone layouts 5062 | -9/Scraptown | Learned 24 Factory zone layouts 5062 | -9/Scraptown | Learned 12 Research zone layouts 5062 | -9/Scraptown | Learned 8 Access zone layouts 5062 | -9/Scraptown | Learned 16 Lower Caves zone layouts 5062 | -9/Scraptown | Learned 8 Upper Caves zone layouts 5062 | -9/Scraptown | Learned 12 Proximity Caves zone layouts 5062 | -9/Scraptown | Learned 24 Proximity Caves zone layouts 5062 | -9/Scraptown | Learned Storage emergency access door positions 5062 | -9/Scraptown | Learned location of 3 exits from Lower Caves 5062 | -9/Scraptown | Learned location of 2 exits from Upper Caves 5098 | -9/Scraptown | Found Deep Structural Scanner 5540 | -9/Scraptown | Met Optimus 5540 | -9/Scraptown | Accepted into 0bPrime 5652 | -9/Scraptown | Civil war broke out across Scraptown 5659 | -9/Scraptown | Entered Factory 5659 | -6/Factory | Evolved 8 slots: Propulsion x3, Utility x5 5660 | -6/Factory | Identified exit to Factory 5660 | -6/Factory | Identified exit to Lower Caves 5849 | -6/Factory | Lost 6 parts (2p2n2u) 5884 | -6/Factory | Self-destructed Last Messages --------------- 05833_ R-10 Processor collects Hvy. Ion Cannon. 05834_ Dropped Lgt. Assault Rifle. 05835_ Acquired VTOL Module. 05840_ R-10 Processor collects Terrain Scan Processor. 05842_ Dropped Exp. Terrain Scanner. 05847_ R-10 Processor collects Autogun. 05850_ VTOL Module destroyed. 05850_ S-27 Virus destroyed. 05855_ R-10 Processor collects Mining Laser. 05858_ S-27 Virus destroyed. 05858_ R-10 Processor collects VTOL Module. 05862_ Nuclear Pulse Thruster destroyed. 05865_ Acquired Exp. Terrain Scanner. 05867_ Acquired VTOL Module. 05869_ System corrupted: Matter fused (-5). 05869_ Acquired 24 matter. 05869_ Acquired Lgt. Nuclear Core. 05874_ Acquired VTOL Module. 05884_ Slug penetrates H-66 Slayer. 05884_ Exp. Terrain Scanner destroyed. Map ----- +----------------------------------------------------+ | ### #### #### ################### | | ############# #### " ################### | | ############# #### ################### | | ############# #### ########################### | | #?###########+######+########### #### | | ############ ### """ #### """ "" | | ############ """""" """""" ### """ #### """ "" | | ############ """""" """""" ### """ #### """ "" | | ############ """""" """""" ### / [+[ * | | ############ """""" """""" ### """ #### !% | | ############ ### """ ####[& | | ############ ### """ ####& | | ####################+########### ########### | | ##### ## # """ # | | ##### """"""""" !## # """ # | | ##### ## # """ +[% | | ##### """"""""" ## # # * | | ##### ## # """ # | | ##### """"""""" ## # """ ##### ##### | | ##### ##]] # """ ##### ##### | | ##### """"""""" ##]] [h ! # ##### ##### | | ##### ##] #############+##### | | ##### """"""""" ## ###### # | | ##### ## h ###### " # | | ##### ## ###### """ # | | ###########+#############@########### G # | | ######## + """" """ # | | ######## # """" " # | | ######## / """" # | | ######## # """" # | | ######## # """" # | | ###################+########### ^ # """" # | | ############## """" ##### # # | | ############## [!! ""S"" ##### # # | | ############## [!! "" "" ##### ############## | | ############## !! ##### ############## | | ############## ##### ########## | | ############## ##### # # | | ############## ##### # """" # | | ############## """"""" ##### # """" # | | ############## """"""" ##### # """" # | | ############## """"""" ##### + """" # | | ############## """"""" ##### # # | | ############## ##### # # | | ############################### # ""T"" # | | ###################### ######## # """"" # | | ###################### ######## ########## ### | | ###################### ######## ############## | | ###################### ######## ############## | | ############################### ############## | +----------------------------------------------------+ Best States ------------- Heat Dissipation 37 Energy Generation 15 Energy Capacity 250 Matter Stores 300 Matter Capacity 300 Sight Range 16 Terrain Scan Range 30 Terrain Scan Density 1210 Core Shielding 20 Evasion (%) 63 Recoil Reduction 2 Item Schematics ----------------- None Robot Schematics ------------------ None Fabricated ------------ Nothing Repaired ---------- Nothing Studied --------- None Alien Tech Used ----------------- None Achievements -------------- None Challenges ------------ None Game ------ Seed HeatZhirovCanceller Manual? 0 Play Time 00:21:26 Cumulative 193.7 hours Start 2026.02.08 @ 15:46:49 End 2026.02.08 @ 16:11:48 Sessions 1 Manual Loads 0 Difficulty Rogue Special Mode None Game No. 221 Rogue 216 Adventurer 5 Explorer 0 Win Type - Total 6 Types 5/0/0/1/0/0/0/0/0/0 Lore% 59 Gallery% 67 Achievement% 55 Wizard Run 0 Options --------- Layout 0 ASCII 0 Keyboard 1 Movement Vi Keybinds 0 Fullscreen 1 Font 24/Smallcaps Map View 76x50 Zoom Use 0% Tactical HUD 1 Map Filters NONE Filters NONE Steam 1 RUN: 4b438e06-6306-4089-8d8e-bc9f5ddc940c